Map: Ujari

Players

Killjoy

  • Race: Terran Terran
  • Spawn Location: 9:00

SpeedWagon

  • Race: Terran Terran
  • Spawn Location: 0:00

Sodue

  • Race: Protoss Protoss
  • Spawn Location: 9:00

clark - Winner!

  • Race: Protoss Protoss
  • Spawn Location: 3:00

DrSpooky - Winner!

  • Race: Zerg Zerg
  • League: Gold
  • Spawn Location: 0:00

Metasapien - Winner!

  • Race: Zerg Zerg
  • League: Platinum
  • Spawn Location: 3:00

VOD

Have the link to the VOD?

Description

Time

  • Played on: Sept. 17, 2017, 5:23 p.m.
  • Length: 15:14
Show
View Real Time Build Order
Export as new Build Order

Killjoy Terran 

Build Orders: MMM Bio 

Get SALT Encoding   

  12  0:03  SCV  
  13  0:15  SCV  
  14  0:28  Supply Depot  
  14  0:30  SCV  
  15  0:52  Barracks  
  15  0:55  Barracks  
  15  0:58  SCV  
  16  1:09  Refinery  
  16  1:11  SCV  
  17  1:13  Refinery  
  17  1:23  SCV  
  18  1:44  Supply Depot  
  18  1:49  Orbital Command  
  18  1:51  Marine x2  
  20  2:23  Barracks Tech Lab  
  20  2:26  Barracks Reactor  
  20  2:36  Factory  
  20  2:39  SCV  
  20  2:44  Stimpack, Marine  
  22  2:51  SCV  
  23  3:03  SCV, Marine x3  
  27  3:08  Supply Depot  
  27  3:15  SCV  
  28  3:24  Factory Reactor, Starport  
  28  3:26  Marine x3  
  31  3:32  Supply Depot  
  31  3:36  SCV  
  32  3:48  Marine x2  
  32  3:49  Marine  
  32  3:55  SCV  
  35  4:19  Command Center  
  35  4:22  Factory Tech Lab  
  35  4:25  Medivac x2  
  39  4:33  Marine x3  
  42  4:47  Siege Tank  
  42  4:50  SCV  
  46  4:54  Combat Shields  
  46  5:02  SCV  
  47  5:16  Engineering Bay  
  47  5:20  Engineering Bay  
  47  5:29  Marine  
  47  5:31  Marine x2  
  47  5:33  Orbital Command  
  49  5:47  Marine  
  49  5:48  Medivac, Marine  
  53  5:56  Terran Infantry Armor Level 1, Terran Infantry Weapons Level 1  
  53  6:00  SCV  
  54  6:12  Siege Tank  
  54  6:16  SCV x2  
  59  6:22  Refinery  
  59  6:25  Marine  
  59  6:26  Marine  
  59  6:31  Bunker  
  61  6:37  Marine  
  62  6:45  Barracks  
  62  6:50  Barracks  
  62  7:32  Command Center  
  62  7:38  Armory  
  62  7:40  Armory, Supply Depot  
  62  7:42  Siege Tank  
  62  7:43  Supply Depot  
  65  7:50  Marauder  
  65  7:51  Missile Turret  
  67  7:54  Barracks Reactor  
  67  7:56  Barracks Tech Lab  
  67  8:11  Marauder  
  69  8:15  Viking  
  69  8:16  Viking  
  73  8:37  Terran Infantry Weapons Level 2  
  73  8:47  Refinery  
  73  8:54  Orbital Command  
  73  8:56  Refinery x2  
  26  9:54  Marine  
  26  9:55  Marine x2  
  15  11:31  Orbital Command  
  15  11:34  Orbital Command  
    12:28  SCV x2  
  2  12:40  SCV x2  
  4  12:52  SCV  
  4  12:57  Orbital Command  
  5  13:01  Command Center  
  5  13:04  SCV  
  6  13:08  Supply Depot  
  6  13:16  SCV  
  5  13:28  SCV  
  6  13:40  SCV  
  7  13:52  SCV  
Show
View Real Time Build Order
Export as new Build Order

SpeedWagon Terran 

Build Orders: Mech 

Get SALT Encoding   

  12  0:02  SCV  
  13  0:14  SCV  
  14  0:29  Supply Depot  
  14  0:32  SCV  
  15  0:53  Barracks  
  15  0:56  SCV  
  16  1:01  Refinery  
  16  1:04  Refinery  
  16  1:08  SCV  
  17  1:20  SCV  
  18  1:32  SCV  
  19  1:46  SCV  
  20  1:55  Engineering Bay  
  20  1:58  SCV  
  21  2:26  Missile Turret  
  21  2:28  Missile Turret  
  21  2:29  Missile Turret x2  
  21  2:41  Orbital Command  
  21  2:50  Missile Turret  
  21  2:52  Factory  
  21  3:11  SCV  
  22  3:23  SCV  
  23  3:37  Supply Depot  
  23  3:39  Factory Tech Lab  
  23  3:43  Factory  
  23  4:00  Supply Depot  
  23  4:09  Factory  
  23  4:12  Widow Mine  
  25  4:18  Hi-Sec Auto Tracking  
  25  4:23  Supply Depot  
  25  4:30  Factory Reactor  
  25  4:44  Widow Mine  
  27  4:53  Factory Reactor  
  27  5:02  Factory  
  27  5:15  Armory  
  27  5:16  Widow Mine  
  27  5:17  Widow Mine x2  
  33  5:33  Building Armor  
  33  5:41  Widow Mine  
  33  5:42  Widow Mine  
  37  5:45  Widow Mine x2  
  37  5:46  Factory Reactor  
  41  5:50  Factory Tech Lab  
  41  5:59  Widow Mine  
  43  6:10  Widow Mine x2  
  47  6:14  Widow Mine x2  
  51  6:22  Siege Tank  
  54  6:31  Siege Tank  
  57  6:57  Drilling Claws  
  57  7:31  Siege Tank  
  60  7:39  Siege Tank  
  63  7:57  Command Center  
  63  8:02  Widow Mine x2  
  63  8:03  Widow Mine  
  63  8:04  Widow Mine  
  71  8:08  Refinery  
  71  8:10  Refinery  
  71  9:18  SCV  
  72  9:30  SCV  
  76  9:45  Siege Tank x2  
  76  9:47  Widow Mine x3  
  85  9:58  SCV  
  86  10:01  Widow Mine  
  79  10:10  SCV  
  80  10:17  Siege Tank  
  80  10:18  Siege Tank  
  86  10:52  SCV  
  81  11:04  SCV  
  61  11:30  SCV  
  31  12:18  Factory Reactor  
  31  12:30  Widow Mine  
  31  12:31  Widow Mine x2  
  37  12:42  Factory  
  37  13:01  SCV  
  38  13:13  Supply Depot  
  38  13:15  Supply Depot x3  
  38  13:17  Supply Depot  
  38  13:23  Missile Turret  
  38  13:24  Missile Turret  
  38  13:27  Missile Turret  
  38  13:34  Widow Mine x3  
  38  13:35  SCV  
  38  13:39  Supply Depot  
  45  13:44  Missile Turret  
  45  13:46  Missile Turret  
  45  13:47  SCV  
  46  13:49  Refinery, Missile Turret  
  45  14:03  Widow Mine x3  
Show
View Real Time Build Order
Export as new Build Order

Sodue Protoss 

Build Orders:  

Get SALT Encoding   

  12  0:04  Probe (Chrono Boost)  
  13  0:15  Probe (Chrono Boost)  
  14  0:26  Probe (Chrono Boost)  
  15  0:33  Pylon  
  15  0:46  Pylon  
  15  0:57  Gateway  
  15  1:01  Gateway  
  15  1:09  Gateway  
  15  1:19  Forge  
  15  1:23  Probe (Chrono Boost)  
  16  1:54  Photon Cannon  
  16  1:59  Photon Cannon  
  16  2:02  Photon Cannon  
  16  2:09  Photon Cannon  
  16  2:13  Probe (Chrono Boost)  
  17  2:17  Assimilator  
  17  2:24  Zealot  
  19  2:31  Zealot  
  21  2:44  Cybernetics Core  
  21  2:47  Probe (Chrono Boost)  
  22  2:52  Zealot  
  24  2:58  Zealot  
  26  3:06  Pylon  
  26  3:09  Probe (Chrono Boost)  
  27  3:27  Zealot x2  
  27  3:29  Zealot  
  33  3:45  Pylon  
  33  3:49  Probe (Chrono Boost)  
  34  4:04  Stalker  
  34  4:05  Stalker  
  34  4:06  Zealot  
  40  4:12  Warp Gate  
  40  4:18  Photon Cannon  
  40  4:24  Assimilator  
  41  4:53  Probe (Chrono Boost)  
  41  5:00  Protoss Ground Weapons Level 1 (Chrono Boost)  
  41  5:03  Probe (Chrono Boost)  
  42  5:08  Zealot x2  
  46  5:15  Pylon  
  46  5:19  Pylon  
  46  5:20  Probe (Chrono Boost)  
  47  5:33  Zealot  
  49  5:46  Twilight Council  
  49  5:47  Photon Cannon  
  49  6:11  Nexus  
  49  6:16  Pylon  
  49  6:31  Charge (Chrono Boost)  
  49  6:43  Protoss Ground Armor Level 1 (Chrono Boost)  
  49  6:48  Photon Cannon  
  49  7:10  Dark Shrine  
  49  7:23  Assimilator  
  49  7:25  Probe  
  49  7:27  Assimilator  
  50  7:35  Probe  
  50  7:41  Stalker  
  50  7:42  Stalker x2  
  57  7:46  Probe  
  58  7:57  Probe  
  58  7:58  Photon Cannon  
  59  8:02  Resonating Glaives (Chrono Boost)  
  59  8:25  Dark Templar  
  59  8:26  Dark Templar x2  
  65  8:37  Protoss Ground Weapons Level 2 (Chrono Boost)  
  65  8:39  Probe  
  66  8:50  Probe, Pylon  
  66  8:52  Pylon  
  67  9:00  Probe  
  68  9:12  Dark Templar x2  
  72  9:22  Probe  
  73  9:32  Probe  
  74  9:43  Probe  
  63  10:02  Pylon  
  51  10:10  Zealot x2  
  51  10:11  Zealot  
  45  10:17  Probe  
  45  10:19  Gateway  
  40  10:22  Gateway  
  40  10:24  Gateway  
  40  10:26  Gateway  
  40  10:28  Probe  
  40  10:35  Zealot x3  
  46  10:56  Zealot x3  
  52  11:23  Dark Templar x2  
  52  11:24  Dark Templar x3  
  62  11:29  Archon x2  
  44  12:00  Dark Templar x3  
  50  12:01  Dark Templar x3  
  50  12:06  Archon x3  
  56  12:10  Dark Templar  
  56  12:15  Archon  
  54  12:38  Dark Templar x3  
  54  12:39  Dark Templar x2  
  64  12:45  Archon  
  64  12:46  Archon  
  64  12:55  Probe  
  65  13:06  Probe  
  66  13:16  Probe  
  67  13:21  Nexus  
  67  13:24  Pylon  
  67  13:27  Probe  
  67  13:34  Dark Templar x2  
  70  13:36  Zealot  
  70  13:37  Probe  
  70  13:40  Archon  
  64  14:13  Dark Templar x4  
  64  14:14  Dark Templar x2  
  42  14:49  Zealot  
  42  14:50  Zealot x3  
Show
View Real Time Build Order
Export as new Build Order

clark Protoss - Winner!

Build Orders:  

Get SALT Encoding   

  12  0:02  Probe (Chrono Boost)  
  13  0:15  Assimilator  
  13  0:24  Pylon  
  13  0:35  Probe (Chrono Boost)  
  14  0:45  Probe (Chrono Boost)  
  15  0:56  Probe (Chrono Boost)  
  16  1:05  Gateway  
  16  1:06  Probe (Chrono Boost)  
  17  1:17  Probe (Chrono Boost)  
  18  1:28  Probe (Chrono Boost)  
  19  1:38  Probe (Chrono Boost)  
  20  1:45  Assimilator  
  20  1:49  Probe (Chrono Boost)  
  21  1:57  Pylon  
  21  1:59  Probe (Chrono Boost)  
  22  2:10  Probe (Chrono Boost)  
  23  2:17  Cybernetics Core  
  23  2:18  Pylon  
  23  2:26  Forge  
  23  2:28  Probe (Chrono Boost)  
  23  2:29  Pylon  
  24  2:39  Probe (Chrono Boost)  
  24  2:42  Pylon  
  25  2:50  Probe (Chrono Boost)  
  26  2:59  Pylon  
  26  3:00  Probe (Chrono Boost), Stargate  
  27  3:08  Stargate  
  27  3:11  Mothership Core (Chrono Boost)  
  29  3:20  Photon Cannon  
  29  3:27  Protoss Air Weapons Level 1 (Chrono Boost)  
  29  3:30  Protoss Shields Level 1  
  29  3:40  Probe  
  30  3:52  Probe  
  30  3:54  Assimilator  
  31  3:59  Assimilator  
  31  4:04  Probe  
  31  4:06  Void Ray  
  36  4:16  Probe  
  37  4:26  Void Ray  
  37  4:29  Probe  
  42  4:53  Void Ray  
  42  4:54  Pylon  
  46  5:19  Nexus  
  46  5:52  Assimilator  
  46  5:58  Assimilator  
  46  6:00  Nexus  
  46  6:06  Probe  
  47  6:19  Probe  
  47  6:22  Void Ray  
  52  6:31  Probe  
  52  6:32  Protoss Air Armor Level 1 (Chrono Boost)  
  53  6:35  Probe  
  54  6:43  Probe  
  54  6:45  Probe  
  56  6:57  Twilight Council  
  56  6:59  Pylon x2  
  56  7:02  Probe  
  56  7:03  Probe  
  58  7:10  Probe  
  58  7:15  Probe  
  60  7:20  Probe  
  60  7:21  Probe  
  62  7:30  Probe  
  62  7:31  Probe  
  64  7:41  Probe  
  64  7:42  Probe  
  66  7:45  Protoss Shields Level 2 (Chrono Boost)  
  66  7:53  Probe x2  
  68  7:59  Nexus  
  68  8:03  Probe  
  68  8:04  Assimilator  
  70  8:05  Probe  
  70  8:10  Void Ray  
  74  8:14  Probe  
  75  8:27  Pylon, Fleet Beacon  
  75  8:29  Pylon  
  75  8:40  Stargate  
  75  8:43  Robotics Facility  
  75  8:48  Void Ray  
  75  8:50  Probe  
  80  9:00  Probe x2  
  82  9:08  Probe  
  83  9:11  Probe  
  83  9:12  Probe  
  83  9:14  Assimilator  
  79  9:20  Probe  
  79  9:21  Probe  
  81  9:24  Probe  
  70  9:32  Probe x2  
  70  9:36  Probe x2  
  74  9:42  Probe  
  75  9:47  Probe  
  75  9:48  Probe  
  75  9:52  Mothership Core  
  77  9:53  Void Ray x3  
  77  9:56  Observer  
  77  9:58  Probe  
  93  10:06  Stargate  
  93  10:08  Probe  
  93  10:09  Stargate  
  93  10:10  Stargate  
  93  10:11  Probe  
  93  10:13  Pylon  
  95  10:14  Pylon  
  95  10:18  Protoss Air Weapons Level 2  
  95  10:19  Probe  
  95  10:20  Pylon x2  
  96  10:22  Probe  
  97  10:29  Probe  
  97  10:31  Observer  
  97  10:32  Probe  
  100  10:36  Void Ray x3  
  112  10:43  Probe  
  113  10:52  Void Ray x2  
  113  10:54  Probe  
  122  10:59  Protoss Shields Level 3 (Chrono Boost)  
  122  11:01  Void Ray  
  126  11:04  Probe  
  127  11:19  Void Ray x3  
  136  11:34  Void Ray  
  135  12:11  Mothership Core  
  135  12:12  Void Ray x5  
  145  12:16  Protoss Air Armor Level 2  
  145  12:17  Void Ray  
  121  12:39  Observer  
  122  12:54  Void Ray x2  
  122  12:55  Void Ray x3  
  142  13:00  Void Ray, Observer  
  147  13:18  Nexus  
  147  13:37  Void Ray x3  
  147  13:38  Void Ray x2  
  147  13:41  Assimilator  
  167  13:43  Void Ray  
  167  13:45  Assimilator  
  177  14:05  Pylon  
  177  14:06  Pylon  
  177  14:21  Void Ray  
  177  14:23  Void Ray x3  
Show
View Real Time Build Order
Export as new Build Order

DrSpooky Zerg - Winner!

Build Orders: Hatch First, Lurkers 

Get SALT Encoding   

  12  0:01  Drone  
  13  0:08  Drone  
  14  0:44  Extractor  
  14  0:46  Drone  
  14  0:47  Drone, Hatchery  
  14  1:07  Spawning Pool  
  14  1:10  Drone  
  14  1:20  Overlord  
  14  1:38  Drone x3  
  17  1:52  Drone  
  18  1:55  Metabolic Boost  
  18  1:58  Queen  
  20  2:05  Drone  
  20  2:06  Drone  
  22  2:16  Drone x2  
  22  2:21  Overlord  
  24  2:24  Drone  
  25  2:38  Queen  
  25  2:43  Drone  
  28  2:53  Overlord  
  28  3:04  Spine Crawler  
  27  3:06  Drone  
  27  3:11  Drone x6  
  27  3:12  Drone  
  35  3:15  Drone  
  36  3:29  Evolution Chamber  
  36  3:31  Lair, Extractor  
  36  3:34  Drone  
  35  3:41  Drone  
  35  3:45  Overlord  
  35  3:47  Overlord  
  36  3:56  Baneling Nest  
  36  3:58  Drone  
  36  4:03  Queen  
  38  4:12  Overlord x2  
  38  4:21  Drone x3  
  38  4:22  Drone x2  
  43  4:35  Hydralisk Den  
  42  4:39  Infestation Pit  
  42  4:40  Zergling x6  
  44  4:51  Drone x3  
  47  4:53  Zerg Melee Weapons Level 1  
  47  4:58  Drone x2  
  49  5:01  Spore Crawler  
  49  5:05  Spore Crawler  
  47  5:07  Spore Crawler  
  47  5:08  Hydralisk x3  
  47  5:10  Drone x2  
  54  5:35  Extractor  
  53  5:38  Extractor  
  53  5:41  Zergling x2  
  53  5:42  Zergling x4  
  54  5:43  Hatchery  
  53  5:55  Spore Crawler  
  53  5:56  Drone  
  53  5:57  Drone x2  
  54  6:00  Zergling x2, Hydralisk x2  
  54  6:01  Zergling x2, Hydralisk  
  63  6:15  Hive  
  63  6:18  Drone  
  64  6:27  Drone x3  
  67  6:35  Zergling x2  
  67  6:39  Hatchery  
  67  6:40  Overlord x4  
  67  6:47  Zergling x2  
  68  7:01  Spine Crawler, Hydralisk x4  
  75  7:11  Drone  
  76  7:23  Overseer  
  76  7:26  Lurker Den  
  76  7:28  Zerg Melee Weapons Level 2  
  76  7:34  Drone  
  76  7:35  Drone  
  79  7:37  Drone x3  
  79  7:39  Drone x2  
  79  7:40  Drone x2  
  85  8:06  Drone x5  
  85  8:07  Overlord, Drone  
  85  8:08  Overlord, Centrifical Hooks  
  91  8:13  Zergling x4  
  91  8:14  Zergling x2  
  91  8:15  Baneling x2  
  91  8:16  Baneling x4  
  91  8:19  Zergling x6  
  97  8:23  Adrenal Glands  
  97  8:25  Zergling x6  
  100  8:32  Zergling x2  
  101  8:37  Zergling x4, Hydralisk  
  101  8:40  Drone  
  106  8:41  Spore Crawler  
  106  8:44  Drone, Extractor  
  106  8:45  Drone  
  106  8:46  Queen, Extractor  
  107  8:52  Drone, Queen  
  107  8:54  Drone x3  
  114  8:55  Drone  
  114  9:02  Zergling x6  
  117  9:13  Evolution Chamber  
  115  9:22  Extractor  
  114  9:26  Spore Crawler  
  105  9:49  Hydralisk x2  
  105  9:50  Zergling x6  
  105  9:51  Zergling x10  
  112  10:02  Zergling x8  
  112  10:03  Zergling x6  
  107  10:20  Hydralisk  
  107  10:21  Zergling x6, Hydralisk x2  
  110  10:23  Drone x4  
  120  10:32  Drone x3  
  123  10:37  Drone x3  
  123  10:38  Spore Crawler  
  123  10:39  Drone  
  123  10:40  Pneumatized Carapace  
  126  10:49  Muscular Augments  
  126  10:51  Zerg Missile Weapons Level 1  
  126  10:53  Zerg Melee Weapons Level 3  
  126  11:03  Evolution Chamber  
  125  11:40  Overlord x2  
  125  11:41  Overlord x5  
  125  11:42  Overlord  
  125  11:44  Overlord x4  
  125  11:45  Overlord  
  121  11:47  Overseer  
  121  11:48  Overseer x4  
  121  11:52  Drone x2  
  121  11:53  Drone x2  
  111  11:58  Zerg Ground Armor Level 1  
  111  12:00  Drone  
  111  12:01  Drone x5  
  113  12:02  Drone x2  
  113  12:06  Lurker x3  
  113  12:07  Lurker x2  
  113  12:08  Hydralisk x4  
  122  12:09  Hydralisk  
  122  12:10  Queen  
  134  12:16  Zergling x4, Hydralisk x2  
  134  12:21  Queen  
  142  12:31  Extractor  
  142  12:37  Drone x2  
  142  12:38  Drone  
  144  12:51  Spore Crawler  
  143  12:54  Spine Crawler  
  142  12:59  Spine Crawler  
  141  13:06  Spine Crawler  
  141  13:10  Spine Crawler  
  141  13:11  Spore Crawler  
  138  13:13  Hydralisk x5  
  138  13:14  Hydralisk  
  138  13:15  Zergling x8  
  154  13:37  Spine Crawler x2  
  154  13:38  Spine Crawler  
  154  13:39  Spine Crawler  
  150  13:44  Hydralisk x3  
  150  13:45  Hydralisk x5  
  150  13:46  Hydralisk x4  
  150  13:48  Ultralisk Cavern, Overseer x5  
  174  13:49  Overseer x2  
  174  13:55  Burrow  
  173  14:15  Hydralisk x2  
  173  14:16  Hydralisk x7  
  187  14:17  Hydralisk x2  
  187  14:19  Hydralisk x2  
Show
View Real Time Build Order
Export as new Build Order

Metasapien Zerg - Winner!

Build Orders: Pool First 

Get SALT Encoding   

  12  0:01  Drone  
  13  0:24  Spawning Pool  
  13  0:26  Drone  
  13  0:31  Drone  
  14  0:41  Overlord  
  14  0:45  Extractor  
  14  0:47  Drone  
  14  0:52  Extractor  
  14  0:53  Drone  
  15  1:04  Drone  
  16  1:12  Zergling x2  
  17  1:32  Hatchery  
  17  1:35  Drone  
  17  1:36  Drone  
  18  1:47  Metabolic Boost  
  18  1:51  Drone  
  19  1:59  Drone  
  20  2:22  Overlord  
  20  2:27  Hatchery  
  19  2:31  Drone  
  20  2:40  Queen  
  22  2:46  Drone  
  23  2:54  Overlord  
  23  3:06  Queen  
  23  3:11  Overlord  
  25  3:15  Drone  
  25  3:17  Drone  
  27  3:25  Drone  
  27  3:26  Drone x2  
  30  3:31  Drone  
  30  3:32  Drone  
  32  3:41  Queen  
  34  3:56  Drone x2  
  34  3:57  Drone x2  
  34  4:02  Drone x3, Extractor  
  40  4:04  Drone  
  41  4:16  Roach Warren  
  40  4:23  Drone  
  40  4:24  Drone x2  
  43  4:25  Overlord  
  43  4:27  Drone  
  43  4:28  Drone  
  43  4:31  Drone x2, Extractor  
  46  4:33  Drone  
  47  4:45  Drone  
  48  4:46  Drone  
  48  4:48  Drone  
  48  4:51  Drone  
  48  4:52  Drone  
  52  4:53  Drone  
  52  4:56  Extractor  
  52  4:57  Lair  
  52  5:00  Zergling x6  
  52  5:01  Zergling x4  
  52  5:05  Drone  
  58  5:07  Overlord x2  
  58  5:09  Pneumatized Carapace  
  58  5:21  Evolution Chamber  
  57  5:30  Drone x3  
  57  5:33  Drone x3  
  57  5:34  Drone  
  64  5:36  Drone x3  
  64  5:39  Extractor  
  64  5:41  Extractor  
  65  5:45  Roach  
  65  5:46  Roach x3  
  73  5:52  Drone  
  73  5:56  Zerg Ground Armor Level 1  
  74  6:04  Infestation Pit  
  73  6:08  Glial Reconstitution  
  73  6:09  Hydralisk Den  
  72  6:11  Queen  
  74  6:19  Overlord x3  
  74  6:20  Overlord  
  74  6:24  Overseer  
  74  6:36  Queen x2  
  78  6:41  Drone  
  78  6:42  Drone x4  
  83  6:58  Hydralisk x3  
  83  6:59  Hydralisk x6  
  83  7:00  Hydralisk x2  
  105  7:02  Overlord  
  105  7:03  Overlord x3  
  105  7:04  Overseer  
  105  7:17  Drone  
  105  7:21  Drone x2  
  108  7:29  Overlord x3  
  108  7:30  Overlord x2  
  108  7:32  Hive  
  108  7:37  Evolution Chamber  
  108  7:40  Evolution Chamber  
  106  7:49  Drone  
  106  7:50  Drone x2  
  109  7:55  Nydus Network  
  108  8:00  Hatchery  
  104  8:11  Baneling Nest  
  103  8:22  Zerg Missile Weapons Level 1  
  103  8:23  Zerg Ground Armor Level 2, Zerg Melee Weapons Level 1  
  103  8:28  Muscular Augments  
  103  8:31  Burrow  
  103  8:35  Roach, Hydralisk  
  103  8:36  Roach x4, Hydralisk x4  
  103  8:37  Roach x2  
  127  8:51  Ultralisk Cavern  
  127  8:52  Adrenal Glands  
  127  8:53  Zergling x2  
  127  8:54  Zergling x10  
  132  9:00  Overseer  
  130  9:19  Ravager x4  
  130  9:20  Ravager x2  
  130  9:23  Roach  
  130  9:24  Roach x2  
  140  9:25  Zergling x14  
  142  9:49  Hydralisk x4  
  142  9:50  Hydralisk x2  
  151  10:23  Hydralisk  
  151  10:25  Ultralisk x3  
  151  10:27  Overlord x2  
  151  10:28  Overlord x3  
  169  10:37  Drone x2  
  162  10:55  Zerg Ground Armor Level 3  
  162  10:56  Zerg Melee Weapons Level 2  
  148  10:59  Extractor  
  148  11:02  Extractor  
  132  11:18  Overseer, Hydralisk  
  132  11:19  Roach x2, Hydralisk x4  
  132  11:20  Roach x2  
  132  11:21  Zergling x8, Roach  
  132  11:22  Zergling x2  
  112  12:01  Overseer  
  112  12:04  Hydralisk x2  
  112  12:05  Roach x3, Hydralisk x2  
  112  12:06  Roach, Hydralisk x2  
  112  12:07  Roach  
  134  12:13  Zerg Missile Weapons Level 2  
  134  12:15  Chitinous Plating  
  134  12:34  Drone x2  
  134  12:35  Drone x2  
  134  12:36  Drone x2  
  140  12:41  Roach, Hydralisk x5  
  140  12:42  Roach x4, Hydralisk x2  
  164  12:47  Overseer  
  164  12:48  Overlord, Overseer  
  164  12:49  Overlord x3  
  164  13:16  Nydus Canal  
  164  13:25  Roach x2, Hydralisk x5  
  164  13:26  Roach, Hydralisk x4  
  164  13:27  Hydralisk, Roach x3  
  188  13:28  Roach  
  198  13:38  Nydus Canal  
  139  14:34  Hydralisk x4  
  139  14:35  Hydralisk x2, Roach x6  
Tags
 
Add a new tag
Caveats
  • Supply blocks, unpowered buildings, or Contaminate may cause inaccurate times.
  • Supply counts are checked every 10 seconds.